 Dungeon Crawl Stone Soup version 0.26.0-18-gc5c842f807 (webtiles) character file.

Game seed: 6749052823761334582

102 iamoutofideas the Chiller (level 4, -7/30 HPs)
             Began as a Demonspawn Ice Elementalist on Jan 23, 2021.
             Mangled by Grinder (11 damage)
             ... on level 3 of the Dungeon.
             The game lasted 00:03:01 (2482 turns).

iamoutofideas the Chiller (DsIE)                    Turns: 2482, Time: 00:03:02

Health: -7/30      AC:  2    Str:  9    XL:     4   Next: 50%
Magic:  8/8        EV: 12    Int: 17    God:
Gold:   218        SH:  0    Dex: 13    Spells: 2/9 levels left

rFire    . . .     SeeInvis .   g - +1 dagger
rCold    . . .     Faith    .   (no shield)
rNeg     . . .     Spirit   .   a - +0 robe
rPois    .         Reflect  .   (no helmet)
rElec    .         Harm     .   (no cloak)
rCorr    .         Rampage  .   (no gloves)
Will     .....                  (no boots)
Stlth    ++........             j - amulet of the acrobat
HPRegen  0.10/turn              (no ring)
MPRegen  0.11/turn              (no ring)

@: brilliant, frozen ramparts
A: hooves 1
a: no special abilities


You were on level 3 of the Dungeon.
You visited 1 branch of the dungeon, and saw 3 of its levels.

You collected 218 gold pieces.

Inventory:

Hand Weapons
 g - a +1 dagger (weapon)
Armour
 a - a +0 robe (worn)
 h - a +0 buckler
Jewellery
 j - an amulet of the acrobat (around neck)
Scrolls
 b - 5 scrolls of remove curse
 c - a scroll of teleportation
 d - 2 scrolls of identify {unknown}
 f - a scroll of magic mapping {unknown}
 i - a scroll of enchant weapon
 l - a scroll of immolation {unknown}
 q - a scroll of fog {unknown}
Potions
 e - a potion of brilliance
 k - a potion of cancellation {unknown}
 m - a potion of magic
 n - a potion of lignification {unknown}
 o - a potion of degeneration {unknown}
 p - a potion of flight {unknown}


   Skills:
 - Level 1.8 Dodging
 - Level 1.8 Stealth
 + Level 3.3 Spellcasting
 + Level 4.7 Ice Magic


You had 2 spell levels left.
You knew the following spells:

 Your Spells              Type           Power        Failure   Level
a - Freeze                Ice            100%         2%          1
b - Frozen Ramparts       Ice            56%          8%          3
c - Ozocubu's Armour      Ice            28%          8%          3

Your spell library contained the following spells:

 Spells                   Type           Power        Failure   Level
 Confusing Touch          Hex            4%           45%         3
 Gell's Gravitas          Tloc           2%           45%         3
 Hailstorm                Conj/Ice       16%          54%         4
 Summon Ice Beast         Ice/Summ       16%          54%         4
 Petrify                  Tmut/Erth      4%           86%         4
 Metabolic Englaciation   Hex/Ice        8%           87%         5
 Yara's Violent Unravell  Hex/Tmut       2%           99%         5


Dungeon Overview and Level Annotations

Branches:
Dungeon (3/15)

Altars:
Ashenzari

Annotations:
D:3 Grinder


Innate Abilities, Weirdness & Mutations

You have large cloven feet.


Message History

Confirm with . or Enter, or press ? or * to list all spells.
Aiming: Freeze (safe; 2% risk of failure)
Press: ? - help, Shift-Dir - straight line, f - Grinder
Aim: Grinder (lightly wounded) Grinder completely resists.
You freeze Grinder but do no damage.
Grinder resists.
The wall freezes Grinder.
Grinder closely misses you.
Unknown command.
Unknown command.
It was a potion of brilliance.
You feel clever all of a sudden.
Grinder completely resists.
The wall freezes Grinder but does no damage.
Grinder gestures at you. Pain shoots through your body!
* * * LOW HITPOINT WARNING * * *
It was a potion of magic.
Magic courses through your body.
Grinder completely resists.
The wall freezes Grinder but does no damage.
Grinder hits you!
You die...

####.# #....# #.#
#.##.###....###.#
#......#....'...####
#.##.#.#....##......
#.#..#.#....#.......
#.#..#.#....#.......
#.#..#.#........)...
#.#5##.#............
#.#@...#..##........
#.######..#.......##
#.........#.........
########.##.......##
######...>........
#.......#.......##
#.#####.#.#+######
#.........######
#.###.##........


You could see Grinder.

Vanquished Creatures
  4 adders
  An ooze (D:3)
  A worm (D:2)
  2 dart slugs
  3 leopard geckos
  A ball python (D:1)
  A giant cockroach (D:1)
  7 goblins
  7 hobgoblins
  4 jackals (D:1)
  3 kobolds
  2 quokkas (D:3)
  6 bats
  3 frilled lizards (D:3)
  6 rats
51 creatures vanquished.

Notes
Turn   | Place    | Note
-------+----------+-------------------------------------------
     0 | D:1      | iamoutofideas the Demonspawn Ice Elementalist began the
                  | quest for the Orb.
     0 | D:1      | Reached XP level 1. HP: 13/13 MP: 3/3
   378 | D:1      | Gained mutation: You have large cloven feet. [demonic
                  | ancestry]
   378 | D:1      | Reached XP level 2. HP: 6/19 MP: 1/5
   620 | D:1      | Reached skill level 4 in Ice Magic
  1304 | D:2      | Reached XP level 3. HP: 24/24 MP: 4/6
  1780 | D:2      | Reached XP level 4. HP: 30/30 MP: 5/8
  2038 | D:2      | Learned a level 3 spell: Frozen Ramparts
  2042 | D:2      | Learned a level 3 spell: Ozocubu's Armour
  2069 | D:3      | Found a broken altar of Ashenzari.
  2468 | D:3      | Noticed Grinder
  2475 | D:3      | Paralysed by Grinder for 4 turns
  2482 | D:3      | Mangled by Grinder

Illustrated notes

Levels and vault maps discovered:
D:1:      minmay_arrival_loop, layout_basic
D:2:      layout_rooms, minivault_27
D:3:      layout_basic, makhleb_altar_promises_db,
          ebering_dispersal_statue_hall, evilmike_ruin_ashenzari, uniq_grinder,
          uniq_ijyb

Skill      XL: |  1  2  3 |
---------------+----------+-----
Ice Magic      | 4 |  4.7
Spellcasting   | 3 |  3.3
Dodging        | |  1.8
Stealth        | |  1.8

Action                   |  1- 3 |  4- 6 || total
-------------------------+-------+-------++-------
Melee: Unarmed           |    11 |       ||    11
       Dagger            |    39 |    15 ||    54
       Kick              |     7 |     2 ||     9
 Cast: Freeze            |    48 |    25 ||    73
       Frozen Ramparts   |       |     1 ||     1
  Use: Scroll            |       |     3 ||     3
       Potion            |       |     2 ||     2
 Stab: Sleeping          |     3 |     1 ||     4
Armor: Robe              |    14 |     5 ||    19
Dodge: Dodged            |    60 |    32 ||    92
